 Dungeon Crawl Stone Soup version 0.14.0-12-g87ee3b7 (webtiles) character file.

85 sprout the Ducker (level 3, -1/19 HPs)
             Began as a Spriggan Abyssal Knight on Apr 16, 2014.
             Was a Believer of Lugonu.
             Slain by an adder (4 damage)
             ... while paralysed by a potion of paralysis
             ... on Level 2 of the Dungeon.
             The game lasted 00:05:53 (1887 turns).

sprout the Ducker (Spriggan Abyssal Knight)         Turns: 1887, Time: 00:05:53

HP  -1/19        AC  2     Str  8      XL: 3   Next: 21%
MP   6/6         EV  4     Int 13      God: Lugonu [**....]
Gold 48          SH  0     Dex 16      Spells:  0 memorised,  2 levels left

rFire  . . .     SeeInvis +     a - +1 short sword
rCold  . . .     Clarity  .     b - +0 robe
rNeg   . . .     Conserve .     (shield restricted)
rPois  .         rCorr    .     (helmet restricted)
rElec  .         rRot     .     (no cloak)
SustAb . .       Spirit   .     (gloves unavailable)
rMut   .         Warding  .     (boots unavailable)
Saprov . . .     Stasis   .     (no amulet)
MR     .....                    (no ring)
                                (no ring)

@: paralysed, very slightly contaminated, very quick, not resistant to hostile
enchantments, fairly stealthy
A: unfitting armour, see invisible, herbivore 3, speed 3, slow metabolism 2
a: Depart the Abyss, Bend Space, Renounce Religion


You were on level 2 of the Dungeon.
You worshipped Lugonu.
Lugonu was pleased with you.
You were not hungry.

You visited 1 branch of the dungeon, and saw 2 of its levels.
You visited the Abyss 1 time.

You collected 48 gold pieces.

Inventory:

Hand weapons
 a - a +1,+1 short sword (weapon)
 e - a +0,+0 sling
Armour
 b - a +0 robe (worn)
Scrolls
 d - a scroll of remove curse {unknown}
 f - a scroll of immolation {unknown}
 g - a scroll of identify {unknown}
 h - a scroll of recharging {unknown}
 k - a scroll of amnesia {unknown}
Potions
 c - a potion of porridge


   Skills:
 + Level 2.7 Fighting
 + Level 2.8 Short Blades
 + Level 4.3 Dodging
 + Level 1.4 Stealth
 + Level 1.9 Invocations


You had 2 spell levels left.
You didn't know any spells.

Dungeon Overview and Level Annotations

Branches:
Dungeon (2/15)

Altars:


Innate Abilities, Weirdness & Mutations

You are tiny and cannot use many weapons and most armour.
You have supernaturally acute eyesight.
You are a herbivore.
You cover ground extremely quickly.
You need consume almost no food.


Message History

You start resting.
An adder is nearby!
A giant mite comes into view.
The kobold shouts!
The kobold throws a dart.
The dart hits you!
You see here a buckler.
You see here a white potion.
i - a white potion You see here a slimy brown potion.
j - a slimy brown potion Drink which item? (? for menu, Esc to quit)
Magic courses through your body.
It was a potion of magic.
Drink which item? (? for menu, Esc to quit)
You suddenly lose the ability to move!
It was a potion of paralysis.
The rat bites you. The adder bites you.
* * * LOW HITPOINT WARNING * * *
The rat barely misses you. The adder bites you.
You die...

####.......##.##...S...#
.../.s.K........r......#
###.......##[##.......#
######.....$.##.####.##.....
.........######s...#.##......
.........######....#.##.....
)............(.K...#.######
...###..######rS..#(# .. #..#
#@#.##.# ...................
###..######.#.##.## #..#
#.#.# # #..# #.#.# #..# #.#.#
. #.#.# #.#. #.#


You could see an adder, a giant mite, a kobold and a rat.

Vanquished Creatures
  3 giant geckos (D:1)
  An ooze (D:1)
  A ball python (D:1)
  2 hobgoblins (D:1)
  5 bats (D:1)
  5 giant cockroaches (D:1)
  4 giant newts (D:1)
  2 goblins (D:1)
  3 kobolds
  8 rats (D:1)
34 creatures vanquished.

Vanquished Creatures (others)
  A kobold (D:2)
1 creature vanquished.

Grand Total: 35 creatures vanquished

Notes
Turn   | Place    | Note
--------------------------------------------------------------
     0 | Abyss:1  | sprout, the Spriggan Abyssal Knight, began the quest for the Orb.
     0 | Abyss:1  | Reached XP level 1. HP: 11/11 MP: 2/2
    26 | Abyss:1  | Noticed a neqoxec
    63 | Abyss:1  | Noticed an iron imp
    94 | Abyss:1  | Noticed a tentacled starspawn
   103 | Abyss:1  | Noticed a small abomination
   126 | Abyss:1  | Noticed a small abomination
   174 | Abyss:1  | Noticed an iron imp
   181 | Abyss:1  | Noticed a wretched star
   181 | Abyss:1  | Noticed a thrashing horror
   184 | D:1      | Escaped the Abyss
   300 | D:1      | Acquired Lugonu's first power
   313 | D:1      | Reached skill level 4 in Dodging
   313 | D:1      | Reached XP level 2. HP: 2/16 MP: 4/4
  1350 | D:1      | Reached XP level 3. HP: 17/19 MP: 6/6
  1479 | D:1      | Acquired Lugonu's second power
  1479 | D:1      | Reached skill level 1 in Stealth
  1884 | D:2      | Paralysed by a potion of paralysis for 7 turns
  1887 | D:2      | Slain by an adder

Action                   || total
-------------------------++-------
Melee: Short sword       ||   118
Invok: Depart the Abyss  ||     1
  Use: Potion            ||     4
 Stab: Sleeping          ||     3
